Map: Eastwatch LE

Players

Saucisson

  • Race: Terran Terran
  • League: Diamond
  • Spawn Location: 7:00

ZergRusher - Winner!

  • Race: Terran Terran
  • League: Diamond
  • Spawn Location: 1:00

VOD

Have the link to the VOD?

Description

Time

  • Played on: May 6, 2018, 7:29 a.m.
  • Length: 12:43
Show
View Real Time Build Order
Export as new Build Order

Saucisson Terran 

Build Orders: Mech 

Get SALT Encoding   

  12  0:01  SCV  
  13  0:13  SCV  
  14  0:18  Supply Depot  
  14  0:25  SCV  
  15  0:39  SCV  
  15  0:41  Barracks  
  16  0:45  Refinery  
  16  0:52  SCV  
  17  0:57  Refinery  
  17  1:08  SCV  
  18  1:20  SCV  
  19  1:31  Barracks Reactor  
  19  1:33  Orbital Command  
  19  1:54  Command Center  
  19  2:01  Factory  
  19  2:12  SCV  
  20  2:22  Marine x2  
  22  2:28  SCV  
  23  2:31  Factory  
  23  2:46  Factory Tech Lab  
  23  2:54  Supply Depot  
  23  3:01  Engineering Bay  
  23  3:07  SCV  
  23  3:08  Starport  
  24  3:12  Barracks Reactor  
  24  3:15  Orbital Command  
  24  3:27  Siege Tank  
  27  3:37  Hellion  
  27  3:39  Hellion  
  31  3:42  SCV  
  31  3:45  SCV  
  33  3:58  SCV x2  
  33  4:00  Siege Tank  
  38  4:11  Viking x2  
  38  4:14  SCV x2  
  44  4:24  Supply Depot  
  44  4:26  Supply Depot  
  44  4:29  SCV x2  
  46  4:44  Marine  
  42  5:24  Missile Turret  
  42  5:27  Missile Turret  
  42  5:32  Viking x2  
  42  5:33  Missile Turret  
  42  5:35  Siege Tank  
  49  5:36  Hellion x2  
  52  5:57  Supply Depot  
  52  5:59  SCV x2  
  52  6:17  Barracks Reactor  
  52  6:18  Siege Tank  
  52  6:19  Hellion x2  
  52  6:20  Missile Turret  
  60  6:25  SCV x2  
  61  6:36  Viking x2  
  65  6:44  Refinery  
  65  6:45  Refinery  
  65  6:50  Command Center  
  65  6:52  SCV x2  
  67  7:01  Armory  
  67  7:34  SCV  
  67  7:35  SCV  
  69  7:41  Command Center  
  69  7:49  Terran Vehicle Weapons Level 1  
  69  7:51  Factory  
  69  7:57  Supply Depot  
  69  7:58  Supply Depot  
  69  8:02  Siege Tank, Viking, Hellion x2  
  45  9:14  Siege Tank, Hellion  
  45  9:15  Hellion  
  48  9:20  Missile Turret  
  48  9:28  Widow Mine  
  48  9:29  Widow Mine  
  48  9:30  Viking x2  
  56  9:32  Planetary Fortress  
  44  10:13  Siege Tank  
  45  10:15  Hellion x2  
  45  10:16  Hellion x2  
  53  10:26  SCV  
Show
View Real Time Build Order
Export as new Build Order

ZergRusher Terran - Winner!

Build Orders: 1/1/1, Cyclone Opening 

Get SALT Encoding   

  12  0:01  SCV  
  13  0:13  SCV  
  14  0:17  Supply Depot  
  14  0:25  SCV  
  15  0:39  SCV  
  15  0:40  Barracks  
  16  0:46  Refinery  
  16  0:51  SCV  
  16  0:54  Refinery  
  17  1:03  SCV  
  18  1:15  SCV  
  19  1:29  Orbital Command, Marine  
  20  1:35  Factory  
  20  1:47  Marine  
  21  1:57  SCV  
  22  2:03  Supply Depot  
  22  2:12  SCV  
  23  2:21  Starport  
  23  2:25  SCV  
  23  2:28  Cyclone  
  27  2:33  Barracks Tech Lab  
  27  2:38  SCV  
  27  2:39  Supply Depot  
  28  2:50  SCV  
  29  3:01  Cyclone  
  29  3:04  SCV  
  33  3:07  Cloaking Field  
  33  3:10  Banshee  
  36  3:19  Barracks Reactor  
  36  3:22  SCV  
  37  3:34  SCV  
  38  3:42  Factory Tech Lab  
  38  3:46  SCV  
  38  3:47  Command Center  
  39  4:01  Supply Depot  
  39  4:07  Supply Depot  
  39  4:22  Banshee, Marine x2  
  39  4:23  Siege Tank  
  47  4:29  SCV  
  48  4:40  Marine x2  
  48  4:41  SCV  
  51  4:58  Marine x2  
  51  4:59  Siege Tank, SCV  
  57  5:04  Supply Depot x2  
  57  5:05  Orbital Command  
  57  5:11  SCV  
  55  5:20  Marine x2  
  57  5:23  SCV  
  57  5:24  Banshee  
  61  5:33  SCV  
  62  5:35  SCV  
  62  5:37  Marine x2  
  65  5:45  SCV  
  66  5:54  Siege Tank  
  66  5:55  Marine x2  
  71  6:21  Refinery, Command Center  
  71  6:22  SCV x2  
  71  6:23  Refinery  
  73  6:26  Supply Depot  
  73  6:33  Siege Tank, Barracks  
  73  6:34  SCV x2  
  78  6:40  Starport Reactor  
  78  6:41  Barracks  
  78  6:42  Engineering Bay  
  75  6:49  Supply Depot  
  75  6:57  Stimpack  
  75  7:06  SCV x2  
  75  7:08  Engineering Bay  
  77  7:18  SCV x2  
  77  7:21  Terran Infantry Weapons Level 1  
  79  7:28  Supply Depot  
  79  7:30  SCV x2  
  79  7:31  Supply Depot, Marine  
  79  7:32  Marine x2  
  79  7:34  Barracks Reactor  
  79  7:35  Supply Depot  
  79  7:36  Siege Tank  
  79  7:37  Medivac x2  
  89  7:41  Orbital Command  
  89  7:42  SCV  
  89  7:43  SCV  
  93  7:46  Terran Infantry Armor Level 1  
  93  7:49  Marine  
  94  7:55  SCV x2  
  96  8:07  SCV  
  96  8:08  SCV  
  96  8:09  SCV, Marine x3  
  96  8:10  Siege Tank  
  105  8:19  SCV  
  106  8:20  SCV  
  106  8:26  Marine  
  106  8:27  Marine x2  
  110  8:42  Siege Tank, SCV x2  
  110  8:43  SCV  
  116  8:54  SCV  
  116  8:55  SCV x2  
  115  9:12  Orbital Command  
  115  9:19  SCV x2  
  115  9:20  Marine x5  
  115  9:21  Siege Tank  
  115  9:22  Medivac  
  127  9:27  Armory  
  127  9:31  SCV x2  
  127  9:37  Marine  
  127  9:38  Marine x4  
  134  9:52  Command Center  
  134  9:53  Siege Tank  
  134  9:55  Marine x3  
  134  9:56  Marine  
  138  10:10  SCV  
  138  10:11  SCV x2  
  141  10:19  Supply Depot  
  141  10:20  Supply Depot  
  141  10:21  Marine  
  141  10:22  Supply Depot  
  141  10:23  Supply Depot x2  
  141  10:25  Supply Depot  
  141  10:30  Marine  
  141  10:31  SCV x3  
  141  10:40  Marine x4, Medivac x2  
  141  10:42  Siege Tank  
  141  10:58  Marine  
  141  11:10  Medivac  
Tags
 
Composition
Mech
Matchup
TvT
Race
Terran
Spawn Locations
Cross Positions
Add a new tag
Caveats
  • Supply blocks, unpowered buildings, or Contaminate may cause inaccurate times.
  • Supply counts are checked every 10 seconds.